 Dungeon Crawl Stone Soup version 0.28-a0-43-g560ac104fe (webtiles) character file.

Game seed: 6066775366638116711

2137 robertstho the Grappler (level 9, -3/85 (88) HPs)
             Began as a Troll Berserker on July 28, 2021.
             Was a High Priest of Trog.
             Slain by a wight (15 damage)
             ... on level 7 of the Dungeon.
             The game lasted 00:07:05 (4858 turns).

robertstho the Grappler (Troll Berserker)           Turns: 4858, Time: 00:07:08

HP:   -3/85 (88)    AC: -2    Str: 28    XL:     9   Next: 9%
MP:   8/8           EV: 10    Int:  5    God:    Trog [*****.]
Gold: 72            SH:  0    Dex:  9    Spells: 8/8 levels left

rFire   . . .      SeeInvis .   y - +4 dire flail (holy)
rCold   . . .      Faith    .   (shield currently unavailable)
rNeg    + . .      Spirit   .   a - +1 animal skin
rPois   .          Reflect  .   (helmet restricted)
rElec   .          Harm     .   (no cloak)
rCorr   .          Rampage  .   (gloves unavailable)
Will    +....                   (boots unavailable)
Stlth   +.........              (no amulet)
HPRegen 1.24/turn               i - ring of willpower
MPRegen 0.11/turn               o - ring of positive energy

@: corroded, lightly drained
A: large, unfitting armour, claws 3, regeneration 1, shaggy fur 1, tough skin 1
a: Renounce Religion, Berserk, Trog's Hand, Brothers in Arms


You were on level 7 of the Dungeon.
You worshipped Trog.
Trog was extremely pleased with you.
You visited 1 branch of the dungeon, and saw 7 of its levels.
You also visited: Sewer and Ossuary.

You collected 417 gold pieces.
You spent 345 gold pieces at shops.

Inventory:

Hand Weapons
 y - a +4 dire flail of holy wrath (weapon)
Missiles
 e - a throwing net (quivered)
Armour
 a - a +1 animal skin (worn)
Jewellery
 i - a ring of willpower (left claw)
 o - a ring of positive energy (right claw)
Wands
 k - a wand of paralysis (18)
 n - a wand of iceblast (12)
 p - a wand of polymorph (9)
Scrolls
 c - 4 scrolls of teleportation
 g - a scroll of blinking
 q - a scroll of identify
 u - a scroll of torment {unknown}
 w - 2 scrolls of enchant armour
Potions
 b - 3 potions of flight
 d - a potion of magic
 f - 5 potions of curing
 h - a potion of cancellation {unknown}
 j - 2 potions of mutation {unknown}
 l - 2 potions of heal wounds
 m - a potion of invisibility {unknown}
 r - a potion of lignification {unknown}
 s - a potion of haste
 t - 2 potions of brilliance
 v - 2 potions of berserk rage {unknown}
 x - a potion of ambrosia {unknown}


   Skills:
 * Level 5.0 Fighting
 * Level 4.0 Armour
 + Level 4.7 Dodging
 + Level 1.0 Stealth
 + Level 8.5 Unarmed Combat


You had 8 spell levels left.
You didn't know any spells.
Your spell library was empty.

Dungeon Overview and Level Annotations

Branches:
Dungeon (7/15)             Temple (0/1) D:6           Sewer (visited)
Ossuary (visited)

Altars:

Shops:
D:1 [   D:5 !   D:6 *

Annotations:
D:6 Scroll shop


Innate Abilities, Weirdness & Mutations

You are too large for most types of armour.
You have claws for hands.
Your natural rate of healing is unusually fast.
You are covered in fur. (AC +1)
You have tough skin. (AC +1)


Message History

Found 22 gold pieces.
There is a stone staircase leading up here.
You now have 72 gold pieces (gained 22).
A jelly comes into view.
A jelly is nearby!
A jelly is nearby!
A jelly is nearby!
A jelly is nearby! 3 wights come into view.
A wight is wielding a +4 dagger of freezing.
The jelly quivers.
The jelly hits you.
You are splashed with acid!
You sock the jelly! The acid corrodes you!
Your claws burn!
The jelly is severely wounded.
The jelly completely misses you.
You hit the jelly.
Your claws burn!
The jelly is severely wounded.
The jelly hits you. The acid corrodes you!
You are splashed with acid!
You puncture the jelly!
You kill the jelly!
Trog accepts your kill.
The wight hits you from afar with a +4 halberd!
You partially resist.
You feel drained.
A wight comes into view. It is wielding a +0 war axe.
The wight hits you with a +4 battleaxe!
The wight hits you with a +4 dagger of freezing!
The wight freezes you.
The wight hits you from afar with a +4 halberd!
* * * LOW HITPOINT WARNING * * *
The wight moves out of view.
The wight completely misses you.
The wight hits you from afar with a +4 halberd!
* * * LOW HITPOINT WARNING * * *
You feel much better.
The wight hits you with a +4 dagger of freezing.
You partially resist.
You feel drained. The wight freezes you.
The wight hits you from afar with a +4 halberd!
* * * LOW HITPOINT WARNING * * *
The wight hits you with a +4 battleaxe!
You die...

##### #...###
#.<...## ##
#####......#
##.##..........#
###.................
#.....@z............
#......z......#.....
#..#....z..z..##....
#.............# ....
##....≈≈..........
.....≈⌠.........
.......≈≈.#.#...#
...##.....###...# ..
#.....# ..#


You could see 4 wights.

Vanquished Creatures
  Grinder (D:3)
  Sigmund (D:3)
  Edmund (D:6)
  3 black bears (D:6)
  2 ogres
  A centaur (D:6)
  2 kobold brigands
  An elf zombie (D:6)
  A scorpion (D:6)
  2 elf skeletons (D:6)
  A water moccasin skeleton (D:6)
  A bullfrog zombie (D:6)
  2 centaur zombies
  2 centaur skeletons (D:6)
  2 human zombies
  An orc priest (D:3)
  2 jellies
  An iguana (D:4)
  Natasha (thrice) (D:3)
  2 orc wizards
  2 hound skeletons
  2 mummies (Ossuary)
  Robin (D:3)
  A howler monkey skeleton (D:6)
  4 adders
  2 ufetubi (D:6)
  3 adder zombies (Ossuary)
  2 worms (D:3)
  3 dart slugs
  10 orcs
  6 endoplasms
  2 giant cockroaches
  13 goblins
  6 hobgoblins
  11 jackals
  11 kobolds
  3 quokkas
  2 ball pythons
  4 bats
  5 frilled lizards
  7 hobgoblin zombies (Ossuary)
  A jackal zombie (Ossuary)
  13 kobold zombies (Ossuary)
  2 orc skeletons (D:6)
  8 orc zombies (Ossuary)
  11 rats
  2 rat zombies (Ossuary)
169 creatures vanquished.

Vanquished Creatures (others)
  2 fungi (D:3)
  4 plants (D:6)
  3 toadstools (D:3)
9 creatures vanquished.

Grand Total: 178 creatures vanquished

Notes
Turn   | Place    | Note
-------+----------+-------------------------------------------
     0 | D:1      | robertstho the Troll Berserker began the quest for the Orb.
     0 | D:1      | Reached XP level 1. HP: 22/22 MP: 0/0
   179 | D:1      | Reached XP level 2. HP: 29/29 MP: 1/1
   193 | D:1      | Found Iczats's Antique Armour Shoppe.
   735 | D:2      | Reached XP level 3. HP: 36/36 MP: 2/2
  1152 | D:2      | Reached ** piety under Trog
  1279 | D:3      | Noticed Sigmund
  1290 | D:3      | Killed Sigmund
  1291 | D:3      | Reached skill level 1 in Armour
  1291 | D:3      | Reached skill level 4 in Unarmed Combat
  1291 | D:3      | Reached XP level 4. HP: 25/45 MP: 3/3
  1291 | D:3      | Reached XP level 5. HP: 30/53 MP: 4/4
  1418 | D:3      | Noticed Natasha
  1446 | D:3      | Killed Natasha
  1448 | D:3      | Noticed Grinder
  1453 | D:3      | Noticed Robin
  1460 | D:3      | Killed Robin
  1461 | D:3      | Reached XP level 6. HP: 61/61 MP: 5/5
  1527 | D:3      | Killed Grinder
  1528 | D:3      | Reached skill level 5 in Unarmed Combat
  1606 | D:3      | Noticed Natasha
  1615 | D:3      | Killed Natasha
  1615 | D:3      | Reached *** piety under Trog
  1616 | D:3      | Reached XP level 7. HP: 64/68 MP: 6/6
  1647 | D:3      | Noticed Natasha
  1654 | D:3      | Killed Natasha
  1787 | D:3      | Found a glowing drain.
  1813 | Sewer    | Entered a sewer
  1910 | Sewer    | Found a white marble altar of Elyvilon.
  2347 | D:4      | Reached skill level 6 in Unarmed Combat
  2792 | D:5      | Entered Level 5 of the Dungeon
  3113 | D:5      | Found Nuruidd's Distillery.
  3122 | D:5      | Bought a potion of heal wounds for 50 gold pieces
  3122 | D:5      | Bought a potion of haste for 100 gold pieces
  3122 | D:5      | Bought a potion of heal wounds for 50 gold pieces
  3122 | D:5      | Bought 2 potions of brilliance for 80 gold pieces
  3523 | D:6      | Found Uchityok's General Store.
  3527 | D:6      | Bought a scroll of magic mapping for 35 gold pieces
  3527 | D:6      | Bought a scroll of teleportation for 30 gold pieces
  3650 | D:6      | Reached XP level 8. HP: 78/78 MP: 7/7
  3743 | D:6      | Reached skill level 7 in Unarmed Combat
  3745 | D:6      | Reached **** piety under Trog
  3791 | D:6      | Found a staircase to the Ecumenical Temple.
  3871 | D:6      | Found a sand-covered staircase.
  3879 | Ossuary  | Entered an ossuary
  4014 | Ossuary  | Reached ***** piety under Trog
  4155 | D:6      | Reached skill level 8 in Unarmed Combat
  4407 | D:6      | Reached skill level 5 in Fighting
  4407 | D:6      | Reached XP level 9. HP: 80/88 MP: 8/8
  4451 | D:6      | Noticed Edmund
  4466 | D:6      | Killed Edmund
  4467 | D:6      | Reached skill level 1 in Stealth
  4858 | D:7      | Slain by a wight

Illustrated notes

Levels and vault maps discovered:
D:1:      dpeg_arrival_three_same_balls, layout_loops_ring, serial_shops, shop,
          minmay_misc_feat_rugged
D:2:      layout_loops_cross
D:3:      layout_rooms, cheibrodos_sewer_entry_bend, minmay_gold_behind_fungi,
          uniq_grinder, uniq_robin, uniq_natasha, uniq_sigmund
D:4:      layout_loops_cross
D:5:      layout_loops_ring, serial_shops, nicolae_square_shop
D:6:      layout_basic, minmay_temple_entry_gardened_gates, serial_shops, shop,
          nicolae_ossuary_entry_catacombs, uniq_edmund
D:7:      layout_cave_pools, minitemple, corexii_leaking_fountain

Skill      XL: |  1  2  3  4  5  6  7  8  9 |
---------------+----------------------------+-----
Fighting       | 3 4 5 |  5.0
Armour         | 1 2 3 4 |  4.0
Dodging        | 3 4 |  4.7
Unarmed Combat | 4 5 6 8 |  8.5
Stealth        | 1 |  1.0

Action                   |  1- 3 |  4- 6 |  7- 9 || total
-------------------------+-------+-------+-------++-------
Melee: Unarmed           |    90 |    76 |   272 ||   438
       Punch             |     1 |     5 |     6 ||    12
       Dire flail        |       |       |     3 ||     3
Invok: Berserk           |     1 |     2 |     2 ||     5
  Use: Scroll            |       |     4 |     3 ||     7
       Potion            |       |     1 |     1 ||     2
 Stab: Sleeping          |     1 |       |       ||     1
Armor: Animal skin       |    36 |    15 |    85 ||   136
Dodge: Dodged            |    37 |    30 |   127 ||   194

Table legend: (Time is in decaauts)
 A = Elapsed time spent in this place.
 B = Non-inter-level travel time spent in this place.
 C = Inter-level travel time spent in this place.
 D = Time resting spent in this place.
 E = Time spent auto-exploring this place.
 F = Levels seen in this place.
 G = Mean time per level.
                   A        B        C        D        E       F      G
               +--------+--------+--------+--------+--------+-----+--------+
         Total |   4880 |   4552 |    328 |     56 |   3473 |   9 |  542.2 |
       Dungeon |   4493 |   4165 |    328 |     56 |   3331 |   7 |  641.9 |
         Sewer |    166 |    166 |      0 |      0 |    123 |   1 |  166.0 |
       Ossuary |    219 |    219 |      0 |      0 |     18 |   1 |  219.0 |
               +--------+--------+--------+--------+--------+-----+--------+

Top non-repeatable levels by time:
     D:6: 1100 daAuts
     D:5: 709 daAuts
     D:3: 701 daAuts
     D:1: 671 daAuts
     D:2: 658 daAuts
     D:4: 638 daAuts
 Ossuary: 219 daAuts
   Sewer: 166 daAuts
     D:7: 14 daAuts
